 Dungeon Crawl Stone Soup version 0.29.1-13-g9f3cf754e1 (webtiles) character file.

Game seed: 734990121913587780

125 cheesebisquit the Shooter (level 4, -1/37 HPs)
             Began as a Minotaur Hunter on Jan 29, 2023.
             Slain by an iguana (5 damage)
             ... on level 4 of the Dungeon.
             The game lasted 00:08:08 (3065 turns).

cheesebisquit the Shooter (Minotaur Hunter)         Turns: 3065, Time: 00:08:09

Health: -1/37      AC:  4    Str: 15    XL:     4   Next: 82%
Magic:  3/3        EV: 12    Int:  6    God:
Gold:   111        SH:  0    Dex: 16    Spells: 3/3 levels left

rFire   . . .      SeeInvis .   a - +0 shortbow
rCold   + . .      Faith    .   (shield currently unavailable)
rNeg    . . .      Spirit   .   c - +1 leather armour
rPois   .          Reflect  .   (helmet restricted)
rElec   .          Harm     .   (no cloak)
rCorr   +          Rampage  .   (no gloves)
Will    .....                   (no boots)
Stlth   ++........              (no amulet)
HPRegen 0.12/turn               r - ring of the Trout {rC+ rCorr}
MPRegen 0.08/turn               s - ring of resist corrosion

@: attractive
A: horns 2, retaliatory headbutt
a: no special abilities


You were on level 4 of the Dungeon.
You visited 1 branch of the dungeon, and saw 4 of its levels.

You collected 111 gold pieces.

Inventory:

Hand Weapons
 a - a +0 shortbow (weapon)
Missiles
 g - 4 atropa-tipped darts
 j - 4 poisoned darts
Armour
 c - a +1 leather armour (worn)
Jewellery
 e - an amulet of faith
 r - the ring of the Trout (left hand) {rC+ rCorr}
   (You found it on level 3 of the Dungeon)

   [ring of protection from cold]

   rC:        It protects you from cold.
   rCorr:     It protects you from acid and corrosion.
 s - a ring of resist corrosion (right hand)
Scrolls
 b - 3 scrolls of immolation
 h - a scroll of teleportation {unknown}
 i - a scroll of enchant armour
 l - a scroll of magic mapping
 m - a scroll of blinking {unknown}
 p - a scroll of identify
 t - a scroll of torment {unknown}
 u - a scroll of noise {unknown}
 v - a scroll of fear {unknown}
Potions
 d - 3 potions of might
 f - a potion of attraction
 k - a potion of lignification {unknown}
 n - a potion of berserk rage {unknown}
 o - a potion of curing {unknown}
 q - a potion of mutation {unknown}


   Skills:
 - Level 2.6 Fighting
 * Level 6.6 Ranged Weapons
 - Level 2.3 Dodging
 - Level 1.0 Stealth


You had 3 spell levels left.
You didn't know any spells.
Your spell library contained the following spells:

 Spells                   Type           Power      Damage    Failure   Level
 Magic Dart               Conj           0%         1d3       52%         1
 Call Imp                 Summ           0%         N/A       67%         2
 Mephitic Cloud           Conj/Pois/Air  0%         N/A       88%         3


Dungeon Overview and Level Annotations

Branches:
Dungeon (4/15)
 Temple: D:4-7

Altars:
Cheibriados
Elyvilon

Shops:
D:4 [


Innate Abilities, Weirdness & Mutations

You have a pair of horns on your head.
You reflexively headbutt those who attack you in melee.


Message History

The arrow hits the ball python but does no damage.
A ball python is nearby!
You shoot an arrow. The arrow hits the ball python!
You kill the ball python!
b - 3 scrolls of immolation (gained 1)
You see here a ball python corpse.
As you read the scroll labelled CEMIEK TURGHU, it crumbles to dust.
It is a scroll of enchant armour.
Your +0 leather armour glows green for a moment.
As you read the scroll labelled HUNITO EHIO, it crumbles to dust.
You feel aware of your surroundings.
You sensed 2 shops/portals.
It was a scroll of magic mapping.
As you read the scroll labelled PUGUECR ZUOSEO, it crumbles to dust.
It is a scroll of identify.
d - 3 potions of might An iguana comes into view.
You shoot an arrow. The arrow hits the iguana.
The iguana is lightly wounded.
You shoot an arrow. The arrow barely misses the iguana.
You shoot an arrow.
The arrow hits the iguana but does no damage.
The iguana is lightly wounded.
You shoot an arrow.
The arrow hits the iguana but does no damage.
The iguana is lightly wounded.
You shoot an arrow. The arrow closely misses the iguana.
The iguana bites you.
You shoot an arrow. The arrow hits the iguana.
The iguana is heavily wounded.
The iguana bites you!
You shoot an arrow. The arrow closely misses the iguana.
The iguana bites you!
* * * LOW HITPOINT WARNING * * *
The iguana bites you!
* * * LOW HITPOINT WARNING * * *
You are too injured to fight recklessly!
Okay, then.
Okay, then.
It was a potion of attraction.
You feel attractive to monsters. The iguana bites you.
You die...

***#####..........##.## *,* *
,,,........<......#...## *,*
*
***#######.........###.####.#
* ,,,,* #8.∩.8.....* #......#
* ***,* ##.........###.###.##
* * *,* #.>......#...####.# *
* *,* #...###.###.......# ***
* *,*****#######.###..######
*,, ***,,,,,,......l@.....#
*,, ,,*,,*,*,##......##.#.#
*** ,,,,,,,,,.....#####.#.#
*,, ,,,,,*,*,##.#** *#.#.#
*,* ,,,,,,,,,*#,* **..#.#
****,* ,,,,**,****,* **,#.#.#
*,,,,, ,,,,,*,* *,* *,*....#
*,**,* ,,,,,,,* *,* **,..#.#
*,**,* ***,,*,* *,* **,**,*
*,**,*


You could see an iguana.

Vanquished Creatures
  5 adders
  2 worms
  2 dart slugs (D:2)
  An orc (D:3)
  8 bats
  6 endoplasms
  4 giant cockroaches
  6 goblins
  6 hobgoblins
  10 kobolds
  2 quokkas
  9 ball pythons
  4 frilled lizards
  4 rats (D:1)
69 creatures vanquished.

Notes
Turn   | Place    | Note
-------+----------+-------------------------------------------
     0 | D:1      | cheesebisquit the Minotaur Hunter began the quest for the
                  | Orb.
     0 | D:1      | Reached XP level 1. HP: 18/18 MP: 0/0
    69 | D:1      | Reached skill level 1 in Stealth
   170 | D:1      | Reached XP level 2. HP: 25/25 MP: 1/1
   238 | D:1      | Reached skill level 5 in Ranged Weapons
   710 | D:2      | Reached XP level 3. HP: 30/30 MP: 2/2
   918 | D:2      | Found a snail-covered altar of Cheibriados.
  1844 | D:2      | Reached XP level 4. HP: 37/37 MP: 3/3
  1932 | D:3      | Found a faded altar of an unknown god.
  2058 | D:3      | Found a white marble altar of Elyvilon.
  2071 | D:3      | Reached skill level 6 in Ranged Weapons
  2249 | D:3      | Identified the ring of the Trout {rC+ rCorr}
  2364 | D:3      | Found a snail-covered altar of Cheibriados.
  2367 | D:3      | Identified the +1 robe "Qubali" {rPois Str-4 Int+5 Dex-3}
  2687 | D:3      | Identified the +3 falchion "Zoteom" {speed, rC- Will+ MP+9
                  | Dex+3}
  2998 | D:4      | Found Wiumon Biul's Armour Boutique.
  3065 | D:4      | Slain by an iguana

Illustrated notes

Levels and vault maps discovered:
D:1:      matt_arrival_los_fun, layout_basic
D:2:      layout_loops_ring, basic_altar
D:3:      layout_basic, mainiacjoe_overflow_catwalk,
          mainiacjoe_overflow_concentric_impassable,
          nicolae_ecumenical_oubliette
D:4:      layout_loops_ring, serial_shops, nicolae_shop_advertising_works
          [nicolae_subvault_shop_adworks], nicolae_stop_n_shop_2,
          nicolae_shop_window_shopping

Skill      XL: |  1  2  3  4 |
---------------+-------------+-----
Stealth        | 1 |  1.0
Ranged Weapons | 5 6 |  6.6
Fighting       | |  2.6
Dodging        | |  2.3

Action                   |  1- 3 |  4- 6 || total
-------------------------+-------+-------++-------
 Fire: Shortbow          |   125 |    57 ||   182
  Use: Scroll            |       |     3 ||     3
       Potion            |       |     1 ||     1
Armor: Leather armour    |    16 |     1 ||    17
Dodge: Dodged            |    38 |     7 ||    45
